 Dungeon Sprint DCSS version 0.27.1 (webtiles) character file.

Game seed: 8822494440914684765

254 styxcanada the Unseen (level 5, -4/28 HPs)
             Began as a Spriggan Brigand on Aug 31, 2021.
             Was an Initiate of Gozag.
             Slain by a spriggan (14 damage)
             ... in the Dungeon (Sprint IV: "Fedhas' Mad Dash").
             The game lasted 00:01:47 (269 turns).

styxcanada the Unseen (Spriggan Brigand)             Turns: 269, Time: 00:01:48

Health: -4/28      AC:  3    Str:  7    XL:     5   Next: 91%
Magic:  6/6        EV: 19    Int: 13    God:    Gozag
Gold:   171        SH:  0    Dex: 17    Spells: 4/4 levels left

rFire    . . .     SeeInvis +   a - +2 dagger
rCold    . . .     Faith    .   (shield restricted)
rNeg     . . .     Spirit   .   b - +0 robe
rPois    .         Reflect  .   (helmet restricted)
rElec    .         Harm     .   c - +0 cloak
rCorr    .         Rampage  .   (gloves unavailable)
Will     .....     NoTele   +   (boots unavailable)
Stlth    ++++++....             l - amulet of invisibility {+Inv}
HPRegen  0.09/turn              (no ring)
MPRegen  0.10/turn              (no ring)

@: gold aura, very slightly contaminated, very quick
A: very small, no large weapons, unfitting armour, see invisible, speed 3
a: Renounce Religion, Evoke Invisibility, Potion Petition, Call Merchant, Bribe
Branch


You were in the Dungeon.
You worshipped Gozag.
Gozag was aware of your devotion.
You visited 1 branch You collected 171 gold pieces.

Inventory:

Hand Weapons
 a - a +2 dagger (weapon)
Missiles
 e - 2 curare-tipped darts (quivered)
Armour
 b - a +0 robe (worn)
 c - a +0 cloak (worn)
Jewellery
 l - the amulet of invisibility (around neck) {+Inv}
   (You found it in the Dungeon)

   [amulet of nothing]

   +Inv:      It lets you turn invisible.
Scrolls
 k - a scroll of blinking
 m - a scroll of identify {unknown}
Potions
 f - a potion of curing
 g - a potion of heal wounds
 h - a potion of haste
 i - 2 potions of magic
 j - a potion of berserk rage


   Skills:
 * Level 3.6 Fighting
 + Level 3.5 Short Blades
 + Level 3.5 Throwing
 * Level 5.3 Dodging
 * Level 15.1 Stealth
 * Level 3.3 Evocations


You had 4 spell levels left.
You didn't know any spells.
Your spell library was empty.

Dungeon Overview and Level Annotations

Branches:
Dungeon (1/1)

Altars:
Cheibriados
Dithmenos
Elyvilon
Gozag
Hepliaklqana
Kikubaaqudgha
Makhleb
Nemelex Xobeh
Okawaru
Qazlal
Ru
Sif Muna
Trog
Uskayaw
Vehumet
Wu Jian
Xom
Yredelemnul
Zin
The Shining One
Beogh
Jiyva
Lugonu


Innate Abilities, Weirdness & Mutations

You are very small and have problems with some larger weapons.
You are too small for most types of armour.
You have supernaturally acute eyesight. (SInv)
You cover ground extremely quickly. (Speed+++)


Message History

Press: ? - help, Q - select action, (/) - cycle Shift-Dir - straight line, f/p - spriggan
Aim: a spriggan, wielding a +0 dagger and wearing a +0 robe (34% to hit)
You throw a poisoned dart. The poisoned dart hits the spriggan.
The spriggan is poisoned.
The spriggan completely misses you.
Throw: 4 darts (poison)
Press: ? - help, Q - select action, (/) - cycle Shift-Dir - straight line, f/p - spriggan
Aim: a spriggan, wielding a +0 dagger and wearing a +0 robe (moderately wounded, poisoned, 34% to hit)
You throw a poisoned dart. The poisoned dart misses the spriggan.
The poisoned dart hits the spriggan!
The spriggan is poisoned.
There is an open door here.
The spriggan looks more healthy.
You see here a +0 ring mail.
There is an open door here.
Throw: 3 darts (poison)
Press: ? - help, Q - select action, (/) - cycle Shift-Dir - straight line, f/p - spriggan
Aim: a spriggan, wielding a +0 dagger and wearing a +0 robe (almost dead, 34% to hit)
You throw a poisoned dart.
The poisoned dart barely misses the spriggan.
The poisoned dart closely misses the spriggan.
The spriggan barely misses you.
Throw: 2 darts (poison)
Press: ? - help, Q - select action, (/) - cycle Shift-Dir - straight line, f/p - spriggan
Aim: a spriggan, wielding a +0 dagger and wearing a +0 robe (almost dead, 34% to hit)
You throw a poisoned dart. The poisoned dart hits the spriggan!
The spriggan is poisoned.
The spriggan is almost dead.
You kill the spriggan!
Your Stealth skill increases to level 15!
You see here a river rat skeleton.
There is a staircase leading out of the dungeon here.
Throw: dart (poison)
Press: ? - help, Q - select action, (/) - cycle Shift-Dir - straight line, f - spriggan
Aim: a spriggan, wielding a +0 dagger, wearing a +0 robe and wearing a +0 buckler (almost dead, poisoned, 34% to hit)
You throw a poisoned dart. The spriggan blocks the poisoned dart.
The spriggan hits you with a +0 dagger!
Ouch! That really hurt!
You die...
Your body crumbles into a pile of gold.

##################
#@i$P#.....#.....#
#PP.('.[...(.#...'
#PPPP#.....#.#†..#
###############+##
# $ $#


$$$$ You could see a spriggan (poisoned).

Vanquished Creatures
  2 scorpions (D)
  3 oklob saplings (D)
  A spriggan (D)
  A river rat (D)
  A rat (D)
8 creatures vanquished.

Notes
Turn   | Place    | Note
-------+----------+-------------------------------------------
     0 | D        | styxcanada the Spriggan Brigand began the quest for the
                  | Orb.
     0 | D        | Reached XP level 1. HP: 10/10 MP: 2/2
    15 | D        | Reached skill level 7 in Stealth
    15 | D        | Reached XP level 2. HP: 15/15 MP: 3/3
    19 | D        | Reached skill level 8 in Stealth
   144 | D        | Noticed an oklob sapling
   146 | D        | Killed an oklob sapling
   147 | D        | Reached skill level 9 in Stealth
   147 | D        | Reached XP level 3. HP: 19/19 MP: 4/4
   148 | D        | Noticed a scorpion
   148 | D        | Found the amulet of invisibility {+Inv}
   150 | D        | Killed a scorpion
   151 | D        | Reached skill level 12 in Stealth
   151 | D        | Reached XP level 4. HP: 23/23 MP: 5/5
   173 | D        | Found an opulent altar of Gozag.
   173 | D        | Found a hazy altar of Hepliaklqana.
   173 | D        | Found a burning altar of Makhleb.
   173 | D        | Found a sparkling altar of Nemelex Xobeh.
   173 | D        | Found a snail-covered altar of Cheibriados.
   173 | D        | Found a sacrificial altar of Ru.
   173 | D        | Found a shimmering blue altar of Sif Muna.
   173 | D        | Found a shimmering altar of Xom.
   173 | D        | Found a basalt altar of Yredelemnul.
   174 | D        | Found a viscous altar of Jiyva.
   174 | D        | Found a bloodstained altar of Trog.
   174 | D        | Found an ornate altar of the Wu Jian Council.
   175 | D        | Found an iron altar of Okawaru.
   175 | D        | Found a shadowy altar of Dithmenos.
   175 | D        | Found a glowing silver altar of Zin.
   176 | D        | Found an ancient bone altar of Kikubaaqudgha.
   176 | D        | Found a hide-covered altar of Uskayaw.
   177 | D        | Found a stormy altar of Qazlal.
   177 | D        | Found a white marble altar of Elyvilon.
   177 | D        | Found a glowing golden altar of the Shining One.
   178 | D        | Became a worshipper of Gozag Ym Sagoz the Greedy
   179 | D        | Found a corrupted altar of Lugonu.
   179 | D        | Found a radiant altar of Vehumet.
   183 | D        | Reached skill level 13 in Stealth
   183 | D        | Reached skill level 1 in Evocations
   183 | D        | Reached XP level 5. HP: 28/28 MP: 3/6
   219 | D        | Reached skill level 14 in Stealth
   225 | D        | Reached skill level 5 in Dodging
   268 | D        | Reached skill level 15 in Stealth
   269 | D        | Slain by a spriggan

Illustrated notes

Levels and vault maps discovered:
D:        dungeon_sprint_fedhas [sprint_temple]

Skill      XL: |  1  2  3  4  5 |
---------------+----------------+-----
Dodging        | 2 3 4 5 |  5.3
Stealth        | 7 9 12 13 15 | 15.1
Fighting       | 2 3 |  3.6
Short Blades   | 3 |  3.5
Throwing       | 3 |  3.5
Evocations     | 1 3 |  3.3

Action                   |  1- 3 |  4- 6 || total
-------------------------+-------+-------++-------
Melee: Dagger            |     3 |     4 ||     7
Throw: Dart              |     6 |     8 ||    14
 Abil: Evoke Invisibilit |       |     2 ||     2
 Stab: Sleeping          |     2 |     2 ||     4
       Invisible         |       |     1 ||     1
Dodge: Dodged            |     1 |     8 ||     9
